 Dungeon Crawl Stone Soup version 0.28-a0-1182-g381e24db82 (webtiles) character file.

Game seed: 7232099202144552481

11246 AarnesTheHuman the Fighter (level 12, -8/100 HPs)
             Began as a Formicid Fighter on Dec 17, 2021.
             Was an Initiate of Ru.
             Mangled by a komodo dragon (14 damage)
             ... on level 11 of the Dungeon.
             The game lasted 00:31:41 (14674 turns).

AarnesTheHuman the Fighter (Formicid Fighter)      Turns: 14674, Time: 00:31:42

Health: -8/100     AC: 20    Str: 27    XL:     12   Next: 5%
Magic:  0/12       EV:  8    Int:  7    God:    Ru [......]
Gold:   194        SH:  4    Dex: 10    Spells: 11/11 levels left

rFire   x . .      SeeInvis +   a - +4 battleaxe (vamp)
rCold   + . .      Faith    .   c - +0 buckler
rNeg    . . .      Spirit   +   A - +0 plate armour
rPois   .          Reflect  .   (helmet unavailable)
rElec   .          Harm     .   p - +1 cloak
rCorr   +          Rampage  .   (no gloves)
Will    ++...                   w - +0 pair of boots
Stlth   ..........              o - amulet of guardian spirit
HPRegen 0.26/turn               Q - ring of resist corrosion
MPRegen 0.13/turn               J - ring of ice

@: no status effects
A: permanent stasis, dig shafts and tunnels, antennae 3, no stealth, four strong
arms, iridescent scales 1, strong-willed 1
a: Dig, Shaft Self, Renounce Religion, Sacrifice an Eye, Sacrifice Artifice,
Sacrifice Health, Reject Sacrifices


You were on level 11 of the Dungeon.
You worshipped Ru.
Ru was noncommittal.
You visited 2 branches of the dungeon, and saw 12 of its levels.

You collected 493 gold pieces.
You spent 299 gold pieces at shops.

Inventory:

Hand Weapons
 a - a +4 vampiric battleaxe (weapon)
 b - a +5 triple crossbow of freezing
 y - a +1 scimitar of freezing
 C - a +0 hunting sling
 G - a +4 morningstar of freezing
 H - a +5 flail
 L - a +2 dagger of electrocution
Missiles
 g - 120 bolts
 j - 53 sling bullets
 n - 331 stones
 x - 42 poisoned darts (quivered)
 z - 4 boomerangs
Armour
 c - a +0 buckler (worn)
 p - a +1 cloak (worn)
 w - a +0 pair of boots (worn)
 A - a +0 plate armour (worn)
Jewellery
 o - an amulet of guardian spirit (around neck)
 J - a ring of ice (right hand)
 Q - a ring of resist corrosion (left hand)
Wands
 i - a wand of flame (11)
 m - a wand of mindburst (18)
 s - a wand of iceblast (4)
 B - a wand of paralysis (8)
 F - a wand of polymorph (7)
 I - a wand of digging (4)
Scrolls
 f - 3 scrolls of identify
 h - a scroll of fear
 k - a scroll of amnesia
 l - a scroll of immolation {unknown}
 E - a scroll of magic mapping
 K - 4 scrolls of torment
 N - 4 scrolls of fog
Potions
 d - 3 potions of might
 e - a potion of lignification {unknown}
 q - a potion of brilliance {unknown}
 t - a potion of mutation
 v - 4 potions of flight
 D - 3 potions of invisibility
 M - 3 potions of curing


   Skills:
 + Level 11.0 Fighting
 + Level 5.6(7.8) Axes
 - Level 8.2(9.1) Maces & Flails
 * Level 7.7 Crossbows
 - Level 10.1 Armour
 - Level 3.0 Dodging
 - Level 3.6 Shields


You had 11 spell levels left.
You didn't know any spells.
Your spell library contained the following spells:

 Spells                   Type           Power      Damage    Failure   Level
 Summon Small Mammal      Summ           0%         N/A       99%         1
 Call Canine Familiar     Summ           0%         N/A       100%        3
 Portal Projectile        Hex/Tloc       0%         N/A       100%        3
 Summon Guardian Golem    Hex/Summ       0%         N/A       100%        3
 Blade Hands              Tmut           0%         N/A       100%        5
 Excruciating Wounds      Necr           0%         N/A       100%        5
 Orb of Destruction       Conj           0%         N/A       100%        7
 Spellforged Servitor     Conj/Summ      0%         N/A       100%        7


Dungeon Overview and Level Annotations

Branches:
Dungeon (11/15)            Temple (1/1) D:4             Orc (0/2) D:11
   Lair: D:8-11

Altars:
Ashenzari
Cheibriados
Dithmenos
Elyvilon
Fedhas
Gozag
Hepliaklqana
Kikubaaqudgha
Makhleb
Nemelex Xobeh
Okawaru
Qazlal
Ru
Sif Muna
Trog
Uskayaw
Vehumet
Wu Jian
Xom
Yredelemnul
Zin
The Shining One

Shops:
D:1 (   D:8 [


Innate Abilities, Weirdness & Mutations

You cannot be hasted, slowed, berserked, paralysed or teleported.
You can dig through walls and to a lower floor.
You have a pair of large antennae on your head. (SInv)
You cannot be stealthy.
Your four strong arms can wield two-handed weapons with a shield.
You are partially covered in iridescent scales. (AC +2)
You are strong-willed. (Will+)


Message History

The white ugly thing pecks you but does no damage.
You slash the white ugly thing!
The white ugly thing is severely wounded.
The white ugly thing pecks you but does no damage.
A yak comes into view.
You barely miss the white ugly thing.
The white ugly thing is severely wounded.
The white ugly thing completely misses you.
You slash the white ugly thing!
The white ugly thing is almost dead.
The white ugly thing pecks you.
* * * LOW HITPOINT WARNING * * *
The white ugly thing freezes you. You resist.
* * * LOW HITPOINT WARNING * * *
The white ugly thing pecks you.
* * * LOW HITPOINT WARNING * * *
The white ugly thing freezes you! You resist.
* * * LOW HITPOINT WARNING * * *
You feel much better. The white ugly thing pecks you.
* * * LOW HITPOINT WARNING * * *
The white ugly thing freezes you! You resist.
* * * LOW HITPOINT WARNING * * *
You feel much better. The white ugly thing pecks you!
* * * LOW HITPOINT WARNING * * *
The white ugly thing freezes you! You resist.
* * * LOW HITPOINT WARNING * * *
You slice the white ugly thing!!
You feel better.
You kill the white ugly thing!
Your Fighting skill increases to level 11!
Press: ? - help, v - describe, . - travel, g - get item
Here: a komodo dragon Item here: an ugly thing corpse.
The floor, spattered with blood.
Okay, then.
Unknown command.
Unknown command.
Unknown command.
Unknown command.
The komodo dragon bites you!
You die...

####..#
#..#
#..#
#..#
#..# #
#..# #.
#..#
#.#..#
#.†@#
##.l#
#.#†#
#....Y
..##....
{ ##.
##.##. #
### #.
.. ..


You could see a komodo dragon and a yak.

Vanquished Creatures
  Erolcha (D:9)
  2 two-headed ogres
  Erica (D:9)
  An ugly thing (D:11)
  A manticore (D:10)
  A gargoyle (D:11)
  Psyche (D:9)
  A komodo dragon (D:10)
  2 trolls
  A shadow (D:6)
  A wyvern (D:8)
  A wraith (D:10)
  9 yaks
  A vampire (D:9)
  A steam dragon (D:7)
  2 vampire mosquitoes (D:10)
  Menkaure (D:5)
  2 acid dragons
  A sky beast (D:8)
  An ice beast (D:5)
  A black bear (D:6)
  2 necrophages
  2 centaurs
  A kobold brigand (D:9)
  3 bullfrogs
  2 scorpions (D:7)
  A wyvern skeleton (D:7)
  A water moccasin skeleton (D:6)
  19 killer bees
  19 wights
  A bullfrog zombie (D:7)
  7 centaur zombies
  3 hounds
  2 orc priests (D:5)
  2 iguanas (D:6)
  3 orc wizards
  A scorpion zombie (D:5)
  2 hound skeletons (D:4)
  A howler monkey zombie (D:7)
  Robin (D:2)
  4 adders
  A howler monkey skeleton (D:7)
  A shadow imp (D:6)
  An ufetubus (D:6)
  A worm (D:2)
  5 dart slugs
  11 orcs
  7 ball pythons
  6 endoplasms
  4 giant cockroaches
  13 goblins
  6 hobgoblins
  3 jackals (D:5)
  3 quokkas
  5 bats
  7 frilled lizards
  14 kobolds
  4 rats
202 creatures vanquished.

Vanquished Creatures (others)
  25 fungi
  18 plants
43 creatures vanquished.

Grand Total: 245 creatures vanquished

Notes
Turn   | Place    | Note
-------+----------+-------------------------------------------
     0 | D:1      | AarnesTheHuman the Formicid Fighter began the quest for the
                  | Orb.
     0 | D:1      | Reached XP level 1. HP: 18/18 MP: 1/1
    35 | D:1      | Found a faded altar of an unknown god.
    46 | D:1      | Reached XP level 2. HP: 19/24 MP: 2/2
   406 | D:1      | Reached XP level 3. HP: 30/30 MP: 3/3
   446 | D:1      | You fall into a shaft and drop 1 floor!
   571 | D:1      | Found Ypinerghe's Antique Weapon Shop.
   788 | D:2      | Noticed Robin
   812 | D:2      | Killed Robin
   813 | D:2      | Reached skill level 1 in Dodging
   877 | D:2      | Reached XP level 4. HP: 37/37 MP: 4/4
   881 | D:2      | Reached skill level 4 in Fighting
  1571 | D:2      | Reached XP level 5. HP: 42/42 MP: 5/5
  2278 | D:4      | Noticed a necrophage
  2380 | D:4      | Reached XP level 6. HP: 35/50 MP: 6/6
  2404 | D:3      | Reached skill level 5 in Fighting
  2404 | D:3      | Reached skill level 5 in Armour
  3550 | D:4      | Found a staircase to the Ecumenical Temple.
  3676 | D:4      | Killed a necrophage
  3677 | D:4      | Reached XP level 7. HP: 42/56 MP: 7/7
  3785 | Temple   | Entered the Ecumenical Temple
  3944 | Temple   | Became a worshipper of Ru the Awakened
  4805 | D:5      | Entered Level 5 of the Dungeon
  4926 | D:5      | Reached skill level 6 in Fighting
  5369 | D:5      | Noticed Menkaure
  6061 | D:5      | Killed Menkaure
  6062 | D:5      | Reached XP level 8. HP: 9/65 MP: 1/8
  6731 | D:6      | Reached skill level 1 in Maces & Flails
  6757 | D:6      | Found a hide-covered altar of Uskayaw.
  6765 | D:6      | Reached skill level 7 in Fighting
  6978 | D:6      | Noticed a shadow
  6994 | D:6      | Killed a shadow
  7616 | D:5      | Gained mutation: You are partially covered in iridescent
                  | scales. (AC +2) [potion of mutation]
  7616 | D:5      | Gained mutation: You are strong-willed. (Will+) [potion of
                  | mutation]
  7702 | D:6      | Reached XP level 9. HP: 68/73 MP: 7/9
  7885 | D:7      | Reached skill level 8 in Fighting
  7885 | D:7      | Reached skill level 5 in Maces & Flails
  8336 | D:7      | Gained mutation: You cannot be stealthy. [Ru sacrifice]
  8770 | D:8      | Noticed a two-headed ogre
  8784 | D:8      | Killed a two-headed ogre
  8785 | D:8      | Reached XP level 10. HP: 37/82 MP: 5/10
  9294 | D:8      | Reached skill level 9 in Fighting
  9662 | D:8      | Noticed a two-headed ogre
  9836 | D:1      | Bought a runed triple crossbow for 299 gold pieces
 10726 | D:7      | Killed a two-headed ogre
 10727 | D:7      | Reached skill level 1 in Crossbows
 10875 | D:8      | Found Noucean's Antique Armour Shoppe.
 11473 | D:9      | Identified a scroll of acquirement
 11599 | D:9      | Acquired a +4 vampiric battleaxe
 12084 | D:9      | Reached XP level 11. HP: 69/90 MP: 8/11
 12439 | D:9      | Noticed Erolcha
 12451 | D:9      | Killed Erolcha
 12452 | D:9      | Reached skill level 10 in Fighting
 12727 | D:9      | Noticed Psyche
 12733 | D:9      | Reached skill level 5 in Crossbows
 12738 | D:9      | Killed Psyche
 12739 | D:9      | Reached skill level 10 in Armour
 12873 | D:9      | Noticed Erica
 12882 | D:9      | Killed Erica
 13223 | D:10     | Entered Level 10 of the Dungeon
 13453 | D:10     | Noticed a manticore
 13458 | D:10     | Killed a manticore
 13634 | D:10     | Reached skill level 5 in Axes
 14362 | D:11     | Found a staircase to the Orcish Mines.
 14650 | D:11     | Reached XP level 12. HP: 93/99 MP: 9/12
 14670 | D:11     | HP: 2/99 [white ugly thing (7)]
 14674 | D:11     | Reached skill level 11 in Fighting
 14674 | D:11     | Mangled by a komodo dragon

Illustrated notes

Levels and vault maps discovered:
D:1:      dpeg_arrival_simpleton_b, layout_rooms, serial_shops,
          nicolae_shop_behind_doors, basic_ecumenical_altar, due_unseen_surprise
D:2:      layout_loops_cross, serial_bayou_pond_d, minmay_lizard_king,
          uniq_robin
D:3:      layout_rooms, grunt_decor_mini_mirrors, ebering_dispersal_statue_hall
D:4:      layout_basic, minmay_temple_entry_stoned_glass
D:5:      layout_cave_pools, water_boxes_lemuel, uniq_menkaure
D:6:      layout_basic, old_standard_altar
D:7:      layout_loops_ring, minmay_bent
D:8:      layout_rooms, serial_shops, nicolae_shop_hallway_plus
D:9:      layout_stronghold, serial_co_window_serial, co_window_corner_a,
          co_window_paths_a, co_window_paths_b, co_window_paths_a,
          co_window_paths_a, co_window_paths_a, co_window_cross_1,
          co_window_corner_b, co_window_unsneaky_path_c, co_window_paths_c,
          co_window_paths_e, glass_columns_a, glass_columns_c, glass_columns_b,
          glass_columns_c, glass_columns_a, uniq_erica, uniq_psyche,
          uniq_erolcha
D:10:     layout_cave_pools, kennysheep_generic_room_9
D:11:     layout_loops_ring, grunt_lair_entry_orc_guard_hut, orc_0_dummy
Temple:   kilobyte_greek_temple

Skill      XL: |  1  2  3  4  5  6  7  8  9 10 11 12 |
---------------+-------------------------------------+-----
Dodging        | 1 2 3 |  3.0
Fighting       | 4 5 6 7 8 9 10 11 | 11.0
Armour         | 4 5 6 7 8 9 10 | 10.1
Maces & Flails | 4 6 8 |  8.2
Crossbows      | 4 7 |  7.7
Axes           | 3 5 |  5.6
Shields        | |  3.6

Action                   |  1- 3 |  4- 6 |  7- 9 | 10-12 || total
-------------------------+-------+-------+-------+-------++-------
Melee: War axe           |     9 |       |       |       ||     9
       Dagger            |    56 |   179 |   112 |    58 ||   405
       Morningstar       |       |       |   107 |    84 ||   191
       Battleaxe         |       |       |       |   177 ||   177
 Fire: Triple crossbow   |       |       |       |     6 ||     6
Throw: Dart              |       |     6 |    10 |     1 ||    17
       Stone             |       |     3 |       |       ||     3
Invok: Sacrifice Stealth |       |       |     1 |       ||     1
 Abil: Dig               |     2 |     1 |     3 |     4 ||    10
Evoke: Wand              |       |       |     2 |     1 ||     3
  Use: Scroll            |       |       |    15 |     6 ||    21
       Potion            |       |       |     7 |     2 ||     9
Armor: Scale mail        |    26 |    48 |       |       ||    74
       Plate armour      |       |     6 |   150 |   333 ||   489
Dodge: Dodged            |    25 |    82 |    75 |   160 ||   342
Block: Buckler           |    15 |    29 |    47 |    99 ||   190

Table legend: (Time is in decaauts)
 A = Elapsed time spent in this place.
 B = Non-inter-level travel time spent in this place.
 C = Inter-level travel time spent in this place.
 D = Time resting spent in this place.
 E = Time spent auto-exploring this place.
 F = Levels seen in this place.
 G = Mean time per level.
                   A        B        C        D        E       F      G
               +--------+--------+--------+--------+--------+-----+--------+
         Total |  14830 |  13618 |   1212 |   4741 |   6186 |  12 | 1235.8 |
       Dungeon |  14630 |  13462 |   1168 |   4741 |   6038 |  11 | 1330.0 |
        Temple |    199 |    156 |     43 |      0 |    148 |   1 |  199.0 |
               +--------+--------+--------+--------+--------+-----+--------+

Top non-repeatable levels by time:
     D:4: 2394 daAuts
     D:7: 1914 daAuts
     D:9: 1747 daAuts
     D:2: 1528 daAuts
     D:3: 1427 daAuts
     D:8: 1264 daAuts
     D:6: 1208 daAuts
     D:5: 1061 daAuts
    D:10: 935 daAuts
     D:1: 718 daAuts
    D:11: 427 daAuts
  Temple: 199 daAuts
